 Dungeon Crawl Stone Soup version 0.28-a0-503-g83f2989fac (webtiles) character file.

Game seed: 2361770892265312559

86 robertstho the Magician (level 4, -3/32 HPs)
             Began as a Djinni Fire Elementalist on Sept 20, 2021.
             Engulfed by a cloud of flame (8 damage)
             ... on level 2 of the Dungeon.
             The game lasted 00:03:34 (3549 turns).

robertstho the Magician (Djinni Fire Elementalist)  Turns: 3549, Time: 00:03:34

Health: -3/32      AC:  2    Str:  7    XL:     4   Next: 78%
Gold:   37         EV: 12    Int: 18    God:
                   SH:  0    Dex: 13

rFire   + + .      SeeInvis .   b - +0 dagger
rCold   x . .      Faith    .   (no shield)
rNeg    . . .      Spirit   .   a - +0 robe
rPois   ∞          Reflect  .   (no helmet)
rElec   .          Harm     .   (no cloak)
rCorr   .          Rampage  .   (no gloves)
Will    .....                   (boots unavailable)
Stlth   ++........              (no amulet)
HPRegen 0.10/turn               (no ring)
MPRegen 0.00/turn               (no ring)

@: flying
A: sickness immunity, fire resistance 2, cold vulnerability 1, float, innate
caster, hp casting, extra vitality 1
a: no special abilities


You were on level 2 of the Dungeon.
You visited 1 branch of the dungeon, and saw 2 of its levels.

You collected 37 gold pieces.

Inventory:

Hand Weapons
 b - a +0 dagger (weapon)
Armour
 a - a +0 robe (worn)
Jewellery
 h - an amulet of faith
Scrolls
 e - 2 scrolls of teleportation
 g - a scroll of enchant armour {unknown}
 i - a scroll of identify
Potions
 c - 2 potions of curing {unknown}
 d - a potion of might {unknown}
 f - a potion of flight {unknown}


   Skills:
 * Level 1.0 Fighting
 + Level 2.2 Dodging
 + Level 1.8 Stealth
 * Level 3.7 Spellcasting


You couldn't memorise any spells.
You knew the following spells:

 Your Spells              Type           Power      Damage    Failure   Level
a - Foxfire               Conj/Fire      68%        2x1d7     3%          1
b - Scorch                Fire           34%        2d6       4%          2
c - Conjure Flame         Conj/Fire      17%        6-21      10%         3
d - Inner Flame           Hex/Fire       17%        N/A       10%         3
e - Flame Wave            Conj/Fire      17%        3d5       32%         4
f - Apportation           Tloc           34%        N/A       3%          1
Your spell library was empty.

Dungeon Overview and Level Annotations

Branches:
Dungeon (2/15)

Altars:

Shops:
D:1 (


Innate Abilities, Weirdness & Mutations

You are immune to sickness and miasma.
You are immune to poison.
Your flesh is very heat resistant. (rF++)
You are vulnerable to cold. (rC-)
You float through the air rather than walking.
You learn spells naturally, not from books.
Your magical power is your life essence.
You have superior vitality. (+4 HP)


Message History

a +0 mace; a +0 scale mail
There is a fountain of sparkling water here.
Key pressed, stopping explore.
i - a scroll of identify Crazy Yiuf shouts!
Could not explore, unopened runed door.
Could not explore, unopened runed door.
Could not explore, unopened runed door.
Could not explore, unopened runed door.
Could not explore, unopened runed door.
You reach down and open the door.
Casting: Scorch (safe; 4% risk of failure)
Confirm with . or Enter, or press ? or * to list all spells.
Flames lash Crazy Yiuf.
Crazy Yiuf is lightly wounded.
Crazy Yiuf's fire resistance burns away.
Crazy Yiuf hits you with a +3 quarterstaff of chaos!
Crazy Yiuf burns you.
Casting: Scorch (safe; 4% risk of failure)
Confirm with . or Enter, or press ? or * to list all spells.
The spell is extremely dangerous to cast (32% risk of failure)!
Continue anyway?
Casting: Flame Wave (extremely dangerous; 32% risk of failure)
Press: ? - help, Dir - look around, f - activate A wave of flame ripples out!
The flame wave engulfs Crazy Yiuf!
Crazy Yiuf is burned terribly!
Crazy Yiuf is heavily wounded.
The tree burns like a torch! (Press . to intensify the flame waves.) Crazy Yiuf hits you with a +3 quarterstaff of chaos.
* * * LOW HITPOINT WARNING * * *
Crazy Yiuf freezes you.
* * * LOW HITPOINT WARNING * * *
Unknown command.
A wave of flame ripples out!
The flame wave engulfs Crazy Yiuf!
Crazy Yiuf is burned terribly!
You kill Crazy Yiuf!
The tree burns like a torch!
* * * LOW HITPOINT WARNING * * *
You are engulfed in blazing flames.
You resist.
You die...

###############.####.#
####)..# .......# #.#
#.# ##..# ######.# #.#
#.# #..# #.# ### ###
#####..# #.# #...[..#
#.# ♣♣♣♣♣♣♣♣##..##.##
#.## ###
#§§§.♣...#..##.## #..#
#...#§§§♣.......#...##
##>#
#...§@§§♣♣............
#.#
#)..#§§§♣♣♣..#.....##.
#.# ### #§§§♣
♣♣##.#>#.#.# #.# ♣♣♣♣♣
#.##...## #.# #.....##
#.# ###
##############.###
#######.###.##
#.#.......# ##>...
.............#
#.##......# #...##
#######.###..#
#.###...#.# #.#.#


There were no monsters in sight!

Vanquished Creatures
  Crazy Yiuf (D:2)
  Terence (D:2)
  A worm (D:2)
  2 dart slugs (D:1)
  5 bats
  4 endoplasms (D:1)
  3 giant cockroaches
  9 goblins
  2 hobgoblins
  5 jackals
  5 kobolds
  2 quokkas (D:1)
  6 ball pythons
  3 frilled lizards
49 creatures vanquished.

Vanquished Creatures (others)
  129 foxfires
129 creatures vanquished.

Grand Total: 178 creatures vanquished

Notes
Turn   | Place    | Note
-------+----------+-------------------------------------------
     0 | D:1      | robertstho the Djinni Fire Elementalist began the quest for
                  | the Orb.
     0 | D:1      | Reached XP level 1. HP: 15/15 MP: 0/0
   410 | D:1      | Reached XP level 2. HP: 18/21 MP: 0/0
   972 | D:1      | Reached skill level 3 in Spellcasting
   972 | D:1      | Reached XP level 3. HP: 25/26 MP: 0/0
   972 | D:1      | Learned a level 1 spell: Apportation
  2101 | D:1      | Found Tif Yhilys's Antique Weapon Shop.
  2421 | D:2      | Reached XP level 4. HP: 27/31 MP: 0/0
  2717 | D:2      | Noticed Terence
  2722 | D:2      | Killed Terence
  3155 | D:2      | Reached skill level 1 in Fighting
  3294 | D:2      | Found a faded altar of an unknown god.
  3393 | D:2      | Found a runed translucent door.
  3394 | D:2      | Noticed Crazy Yiuf
  3549 | D:2      | Killed Crazy Yiuf
  3549 | D:2      | Engulfed by a cloud of flame

Illustrated notes

Levels and vault maps discovered:
D:1:      eino_arrival_cavern_e, layout_loops_corners, serial_glass,
          glass_columns_a, glass_columns_b, glass_columns_a, glass_columns_b,
          glass_columns_b, glass_columns_a, glass_columns_a, glass_columns_c,
          serial_shops, nicolae_shop_trees
D:2:      layout_loops_ring, shapermc_ecumenical_altar_mp_ritualfount,
          minmay_pentomino_v4, uniq_crazy_yiuf_cottage, uniq_terence

Skill      XL: |  1  2  3  4 |
---------------+-------------+-----
Spellcasting   | 3 |  3.7
Fighting       | 1 |  1.0
Dodging        | |  2.2
Stealth        | |  1.8

Action                   |  1- 3 |  4- 6 || total
-------------------------+-------+-------++-------
Melee: Unarmed           |     2 |       ||     2
       Dagger            |     6 |     1 ||     7
 Cast: Foxfire           |    83 |     3 ||    86
       Scorch            |    12 |    17 ||    29
       Flame Wave        |       |     1 ||     1
  Use: Scroll            |     2 |       ||     2
Armor: Robe              |     1 |     1 ||     2
Dodge: Dodged            |    19 |     3 ||    22

Table legend: (Time is in decaauts)
 A = Elapsed time spent in this place.
 B = Non-inter-level travel time spent in this place.
 C = Inter-level travel time spent in this place.
 D = Time resting spent in this place.
 E = Time spent auto-exploring this place.
 F = Levels seen in this place.
 G = Mean time per level.
                   A        B        C        D        E       F      G
               +--------+--------+--------+--------+--------+-----+--------+
         Total |   3548 |   3528 |     20 |    265 |   2963 |   2 | 1774.0 |
       Dungeon |   3548 |   3528 |     20 |    265 |   2963 |   2 | 1774.0 |
               +--------+--------+--------+--------+--------+-----+--------+

Top non-repeatable levels by time:
     D:1: 2250 daAuts
     D:2: 1297 daAuts
